 Dungeon Crawl Stone Soup version 0.30-a0-166-g5d06c95188 (webtiles) character file.

Game seed: 16598793816772707547

14 Artyom424 the Trooper (level 2, -6/27 HPs)
             Began as a Hill Orc Fighter on Sept 29, 2022.
             Mangled by Terence
             ... wielding a +0 flail
              (8 damage)
             ... on level 3 of the Dungeon.
             The game lasted 00:03:54 (509 turns).

Artyom424 the Trooper (Hill Orc Fighter)             Turns: 509, Time: 00:03:55

Health: -6/27      AC:  6    Str: 18    XL:     2   Next: 41%
Magic:  2/2        EV:  9    Int:  8    God:
Gold:   11         SH:  4    Dex: 10    Spells: 1/1 levels left

rFire   . . .      SeeInvis .    a - +0 flail
rCold   . . .      Faith    .    c - +0 buckler
rNeg    . . .      Spirit   .    b - +0 scale mail
rPois   .          Reflect  .    (no helmet)
rElec   .          Harm     .    (no cloak)
rCorr   .          Rampage  .    (no gloves)
Will    .....                    (no boots)
Stlth   ..........               (no amulet)
HPRegen 0.09/turn                (no ring)
MPRegen 0.08/turn                (no ring)

@: no status effects
A: no striking features
a: no special abilities


You were on level 3 of the Dungeon.
You visited 1 branch of the dungeon, and saw 3 of its levels.

You collected 11 gold pieces.

Inventory:

Hand Weapons
 a - a +0 flail (weapon)
Armour
 b - a +0 scale mail (worn)
 c - a +0 buckler (worn)
Wands
 f - a wand of flame (12)
Potions
 d - 2 potions of lignification
 e - 2 potions of ambrosia {unknown}


   Skills:
 + Level 3.8 Fighting
 + Level 2.4 Maces & Flails
 + Level 3.6 Armour
 + Level 3.4 Shields


You had one spell level left.
You didn't know any spells.
Your spell library was empty.

Dungeon Overview and Level Annotations

Branches:
Dungeon (3/15)

Altars:

Annotations:
D:3 Terence


Message History

Done waiting.
You start waiting.
Done waiting.
You see here 2 potions of lignification.
You see here 2 potions of lignification.
Unknown command.
You see here 2 potions of lignification.
d - 2 potions of lignification
Okay, then.
Found a ring mail.
Terence the Incautious comes into view.
He is wielding a +0 flail.
Terence shouts!
Found a stone staircase leading down.
An adder comes into view.
Terence closely misses you.
You closely miss Terence. Terence barely misses you. x2
You barely miss Terence. Terence barely misses you.
You completely miss Terence. Terence hits you with a +0 flail!
You closely miss Terence. Terence hits you with a +0 flail. x2
You are too injured to fight recklessly!
You are too injured to fight recklessly!
You are too injured to fight recklessly!
You are too injured to fight recklessly!
You are too injured to fight recklessly!
You are too injured to fight recklessly!
You are too injured to fight recklessly!
You are too injured to fight recklessly!
You are too injured to fight recklessly!
You hit Terence.
Terence is lightly wounded.
Terence hits you with a +0 flail.
* * * LOW HITPOINT WARNING * * *
You hit Terence but do no damage.
Terence is lightly wounded.
Terence hits you with a +0 flail.
* * * LOW HITPOINT WARNING * * *
You barely miss Terence.
Terence is lightly wounded.
Terence hits you with a +0 flail!
You die...

........## #...#
(..##....###...#.#
########..##...#.#
##.##...#.# #.##...#.#
#########.##...#.#
...............#S# #
#######[##...#@# #
.........#@#
######.###....##.##..#.
...... ##.............
####### #.#.##.####...
....... .....##..#
####### ###......... ##
###.....#.# .#
#..>...... .#
#######+###.#....


You could see Terence and an adder.

Vanquished Creatures
  2 bats
  2 hobgoblins (D:1)
  2 quokkas (D:3)
  A ball python (D:1)
  A frilled lizard (D:3)
  A kobold (D:3)
  6 rats
15 creatures vanquished.

Notes
Turn   | Place    | Note
-------+----------+-------------------------------------------
     0 | D:1      | Artyom424 the Hill Orc Fighter began the quest for the Orb.
     0 | D:1      | Reached XP level 1. HP: 19/19 MP: 1/1
    74 | D:1      | Reached XP level 2. HP: 26/27 MP: 2/2
   500 | D:3      | Noticed Terence
   509 | D:3      | Mangled by Terence

Illustrated notes

Levels and vault maps discovered:
D:1:      psy_arrival_radial01, layout_rooms, kennysheep_another_room,
          minmay_rat_gold_closets
D:2:      layout_rooms, serial_shops, nicolae_shop_hallway_plus,
          item_on_display_a, uniq_robin
D:3:      layout_basic, uniq_ijyb, uniq_terence

Action                   || total
-------------------------++-------
Melee: Flail             ||    37
  Use: Potion            ||     2
Armor: Scale mail        ||    20
       Skin              ||     1
Dodge: Dodged            ||    17
Block: Buckler           ||     6

Table legend: (Time is in decaauts)
 A = Elapsed time spent in this place.
 B = Non-inter-level travel time spent in this place.
 C = Inter-level travel time spent in this place.
 D = Time resting spent in this place.
 E = Time spent auto-exploring this place.
 F = Levels seen in this place.
 G = Mean time per level.
                   A        B        C        D        E       F      G
               +--------+--------+--------+--------+--------+-----+--------+
         Total |    520 |    508 |     12 |    222 |    158 |   3 |  173.3 |
       Dungeon |    520 |    508 |     12 |    222 |    158 |   3 |  173.3 |
               +--------+--------+--------+--------+--------+-----+--------+

Top non-repeatable levels by time:
     D:3: 417 daAuts
     D:1: 81 daAuts
     D:2: 21 daAuts
